 Dungeon Crawl Stone Soup version 0.31.0-11-ge490571c62 (webtiles) character file.

Game seed: 11733472642083694221

86 qw the Shooter (level 4, 0/22 HPs)
             Began as a Spriggan Hunter on Feb 4, 2024.
             Slain by an orc
             ... wielding a +0 war axe
              (8 damage)
             ... on level 3 of the Dungeon.
             The game lasted 00:00:05 (1271 turns).

qw the Shooter (Spriggan Hunter)                    Turns: 1271, Time: 00:00:06

Health: 0/22       AC:  2    Str:  7    XL:     4   Next: 26%
Magic:  5/5        EV: 20    Int: 10    God:
Gold:   106        SH:  0    Dex: 20    Spells: 3/3 levels left

rFire   . . .        a - +0 shortbow
rCold   . . .        (shield currently unavailable)
rNeg    . . .        c - +0 robe
rPois   .            (helmet restricted)
rElec   .            (no cloak)
rCorr   .            (gloves unavailable)
SInv    +            (boots unavailable)
Will    .....        (no amulet)
Stlth   ++           (no ring)
HPRegen 0.23/turn    (no ring)
MPRegen 0.09/turn

%: no passive effects
@: very quick
A: very small, no large weapons, unfitting armour, see invisible, speed 3,
hooves 1
a: no special abilities


You were on level 3 of the Dungeon.
You visited 1 branch of the dungeon, and saw 3 of its levels.

You collected 106 gold pieces.


Innate Abilities, Weirdness & Mutations

You are very small and have problems with some larger weapons.
You are too small for most types of armour.
You have supernaturally acute eyesight. (SInv)
You cover ground extremely quickly. (Speed+++)
You have large cloven feet.


   Skills:
 - Level 1.5 Fighting
 - Level 5.0 Ranged Weapons
 + Level 4.7 Dodging
 - Level 1.5 Stealth


You had 3 spell levels left.
You didn't know any spells.
Your spell library was empty.

Inventory:

Hand Weapons
 a - a +0 shortbow (weapon)
Armour
 c - a +0 robe (worn)
Scrolls
 b - a scroll of identify
 d - a scroll of blinking {unknown}
 e - a scroll of enchant weapon {unknown}
Potions
 i - 2 potions of mutation
 j - a potion of curing {unknown}

Dungeon Overview and Level Annotations

Branches:
Dungeon (3/15)

Altars:


Message History

The arrow hits the orc but does no damage.
You shoot an arrow. The arrow hits the orc.
The orc is moderately wounded.
You shoot an arrow. The arrow hits the orc!
You kill the orc!
An orc comes into view. It is wielding a +0 war axe.
The orc completely misses you.
You shoot an arrow.
The arrow hits the orc but does no damage.
The orc is moderately wounded.
The orc hits you but does no damage.
You shoot an arrow. The arrow closely misses the orc.
The orc closely misses you.
You shoot an arrow. The arrow hits the orc.
The orc is moderately wounded.
The orc hits you but does no damage. The orc hits you with a +0 dagger.
You shoot an arrow. The arrow closely misses the orc.
The orc barely misses you. The orc misses you.
You shoot an arrow. The arrow barely misses the orc.
The orc closely misses you. The orc misses you.
You shoot an arrow. The arrow closely misses the orc.
The orc closely misses you. x2
You shoot an arrow. The arrow closely misses the orc.
The orc closely misses you. The orc misses you.
You shoot an arrow. The arrow hits the orc.
The orc is heavily wounded.
The orc hits you with a +0 dagger. The orc barely misses you.
You shoot an arrow. The arrow hits the orc!
You kill the orc!
The orc completely misses you.
You shoot an arrow. The arrow barely misses the orc.
The orc completely misses you. The orc misses you.
You shoot an arrow. The arrow hits the orc.
The orc is almost dead.
The orc hits you with a +0 war axe!
You shoot an arrow. The arrow barely misses the orc.
The orc completely misses you.
You shoot an arrow. The arrow barely misses the orc.
The orc hits you with a +0 war axe!
You die...

#.....#
#........# #
#.....#
#........# #
#.....#
###+###### #
#.....###
#####...#
###)#####
#.....#
#####%######
#....@)#
######o# .#
.# .# .. ##


You could see an orc.

Vanquished Creatures
  Robin (D:3)
  3 dart slugs
  3 orcs (D:3)
  4 bats (D:1)
  7 endoplasms
  A giant cockroach (D:3)
  15 goblins
  5 hobgoblins
  2 jackals (D:2)
  3 quokkas
  3 ball pythons
  4 frilled lizards (D:2)
  4 kobolds
  3 rats
58 creatures vanquished.

Notes
Turn   | Place    | Note
-------+----------+-------------------------------------------
     0 | D:1      | qw the Spriggan Hunter began the quest for the Orb.
     0 | D:1      | Reached XP level 1. HP: 10/10 MP: 2/2
     0 | D:1      | 0 ||| qw: Version: 0.3-a-160-g6735b56
     0 | D:1      | 0 ||| qw: Game counter: 5404
     0 | D:1      | 0 ||| qw: Melee chars always use a shield: true
     0 | D:1      | 0 ||| qw: God list: Okawaru
     0 | D:1      | 0 ||| qw: Allow faded altars: false
     0 | D:1      | 0 ||| qw: Do Orc after clearing Dungeon:15 true
     0 | D:1      | 0 ||| qw: Do second Lair branch before Depths: true
     0 | D:1      | 0 ||| qw: Lair rune preference: random
     0 | D:1      | 0 ||| qw: Goals: Normal
     0 | D:1      | 0 ||| PLANNING D:1-11
    28 | D:1      | Reached skill level 3 in Dodging
    54 | D:1      | Reached XP level 2. HP: 14/14 MP: 3/3
   398 | D:1      | 398 ||| READING scroll labelled FICORI XAHAHURPHEU.
   398 | D:1      | 398 ||| IDENTIFYING metallic puce potion
   399 | D:1      | 399 ||| READING scroll labelled GUM JENIEHUQYD.
   400 | D:1      | 400 ||| READING scroll labelled XAASU JEOXYH.
   401 | D:1      | 401 ||| DRINKING 2 metallic dark potions.
   434 | D:1      | 434 ||| DRINKING 2 fuming puce potions.
   434 | D:1      | Gained mutation: You have large cloven feet. [potion of
                  | mutation]
   435 | D:1      | 435 ||| DROPPING scroll of butterflies.
   436 | D:1      | 436 ||| DROPPING potion of lignification.
   530 | D:2      | Reached XP level 3. HP: 18/18 MP: 4/4
  1035 | D:2      | 1035 ||| READING 2 scrolls labelled GAJ GOIP ZEDAE.
  1116 | D:3      | Noticed Robin
  1118 | D:3      | Reached skill level 5 in Ranged Weapons
  1126 | D:3      | HP: 3/18 [hobgoblin[Robin] (2)]
  1127 | D:3      | 1127 ||| READING scroll of teleportation.
  1128 | D:3      | 1128 ||| DRINKING potion of heal wounds.
  1139 | D:3      | Reached XP level 4. HP: 16/22 MP: 5/5
  1142 | D:3      | Killed Robin
  1271 | D:3      | Slain by an orc

Levels and vault maps discovered:
D:1:      scummos_arrival_hexagon, layout_rooms, minmay_crystal_room
D:2:      layout_loops_ring, chequers_serial_rivers_micro_c
D:3:      layout_basic, nicolae_uskayaw_suspiria, hangedman_decor_peaks_small,
          amethyst_killhole, uniq_robin

Skill      XL: |  1  2  3 |
---------------+----------+-----
Dodging        | 3 4 |  4.7
Ranged Weapons | 5 |  5.0
Fighting       | |  1.5
Stealth        | |  1.5

Action                     |  1- 3 |  4- 6 || total
---------------------------+-------+-------++-------
   Fire: Shortbow          |   135 |    24 ||   159
    Use: Scroll            |     5 |       ||     5
         Potion            |     3 |       ||     3
 Armour: Robe              |    20 |     8 ||    28
  Dodge: Dodged            |    39 |    17 ||    56

Table legend:
 A = Non-vault XP
 B = Vault XP
 C = Vault XP percentage of total XP
 D = Non-vault monster count
 E = Vault monster count
 F = Vault count percentage of total count
                 A         B        C        D         E       F
            +---------+---------+-------+---------+---------+-------
      Total |      87 |      36 |  29.3 |      46 |      12 |  20.7
            +---------+---------+-------+---------+---------+-------
        D:1 |      37 |       0 |   0.0 |      19 |       0 |   0.0
        D:2 |      32 |       0 |   0.0 |      19 |       0 |   0.0
        D:3 |      18 |      36 |  66.7 |       8 |      12 |  60.0
            +---------+---------+-------+---------+---------+-------
